 Dungeon Crawl Stone Soup version 0.21-a0-440-g28109cb (webtiles) character file.

459222 theanonym the Slayer (level 23, -3/227 HPs)
             Began as a Minotaur Monk on Nov 9, 2017.
             Was a High Priest of Zin.
             Slain by a deep troll shaman (11 damage)
             ... while paralysed by a great orb of eyes
             ... on level 5 of the Depths on Nov 10, 2017.
             The game lasted 03:53:12 (75050 turns).

theanonym the Slayer (Minotaur Monk)               Turns: 75050, Time: 03:53:12

Health: -3/227     AC: 32    Str: 41    XL:     23   Next: 33%
Magic:  35/35      EV:  2    Int: 15    God:    Zin [*****.]
Gold:   1225       SH:  0    Dex: 20    Spells: 20/22 levels left

rFire    + + .     SeeInvis .   X - +1 double sword (slice)
rCold    + + +     Gourm    .   L - +5 buckler of Classification {*Drain rF+ Str+10 Int+2}
rNeg     . . .     Faith    .   n - +7 gold dragon scales
rPois    ∞         Spirit   .   (helmet restricted)
rElec    +         Reflect  +   y - scarf {cloud immunity}
rCorr    .         Harm     .   R - +2 pair of gloves
MR       ++...                  Y - +0 pair of boots {run}
Stlth    ..........             Z - +5 amulet of reflection
HPRegen  0.47/turn              c - ring "Koxuanwo" {*Drain +Blink rElec rPois rC+++}
MPRegen  0.24/turn              H - ring of protection from magic {MR+}

@: paralysed, vitalised, quick
A: retaliatory headbutt, horns 2
}: 2/15 runes: decaying, gossamer
a: Recite, Vitalisation, Imprison, Sanctuary, Donate Gold, Renounce Religion,
Evoke Blink


Innate Abilities, Weirdness & Mutations

You reflexively headbutt those who attack you in melee.
You have a pair of horns on your head.


   Skills:
 + Level 23.5 Fighting
 + Level 20.3 Long Blades
 + Level 15.5 Armour
 - Level 20.0 Dodging
 - Level 1.5 Stealth
 - Level 15.0 Shields
 + Level 19.2 Invocations


You had 20 spell levels left.
You knew the following spells:

 Your Spells              Type           Power        Failure   Level  Hunger
a - Blink                 Tloc           N/A          97%         2    ###....

Skill      XL: |  1  2  3  4  5  6  7  8  9 10 11 12 13 14 15 16 17 18 19 20 21 22 23 |
---------------+----------------------------------------------------------------------+-----
Long Blades    | 4 5 6 7 8 9 11 13 14 15 17 19 20 | 20.3
Fighting       | 4 5 6 7 8 10 11 12 13 14 15 16 17 18 19 20 21 22 23 | 23.5
Armour         | 3 6 8 10 11 13 14 15 | 15.5
Shields        | 3 6 8 10 11 13 14 15 | 15.0
Invocations    | 5 8 10 11 12 13 14 15 16 17 18 19 | 19.2
Dodging        | 4 6 8 10 11 12 14 15 16 17 18 20 | 20.0
Stealth        | |  1.5

Action                   |  1- 3 |  4- 6 |  7- 9 | 10-12 | 13-15 | 16-18 | 19-21 | 22-24 || total
-------------------------+-------+-------+-------+-------+-------+-------+-------+-------++-------
Melee: Falchion          |    51 |   208 |   305 |       |       |       |       |       ||   564
       Headbutt          |    10 |    48 |    88 |   190 |   577 |   578 |   605 |   307 ||  2403
       Scimitar          |       |       |   183 |   635 |  1706 |   871 |       |       ||  3395
       Double sword      |       |       |       |       |       |   600 |  1487 |   745 ||  2832
Throw: Throwing net      |       |       |       |     2 |     2 |       |       |       ||     4
Invok: Vitalisation      |       |       |       |    18 |    28 |    37 |    39 |    17 ||   139
       Recite            |       |       |       |       |     9 |    11 |    13 |     3 ||    36
       Sanctuary         |       |       |       |       |     1 |     1 |     1 |     1 ||     4
       Donate Gold       |       |       |       |       |     1 |       |       |       ||     1
Evoke: Wand              |       |       |    14 |     3 |     3 |     8 |     5 |     1 ||    34
       Phantom mirror    |       |       |       |       |       |     1 |       |       ||     1
  Use: Potion            |     1 |     3 |     3 |     3 |     8 |     7 |       |       ||    25
       Scroll            |       |     8 |     6 |     9 |    14 |    16 |    13 |     5 ||    71
 Stab: Sleeping          |     2 |     6 |       |       |       |       |       |       ||     8
       Invisible         |       |       |       |       |     8 |       |     2 |       ||    10
       Confused          |       |       |       |       |     4 |     4 |     9 |       ||    17
       Paralysed         |       |       |       |       |     2 |       |     6 |       ||     8
       Distracted        |       |       |       |       |     1 |     1 |       |       ||     2
  Eat: Chunk             |     1 |     5 |    20 |    41 |    58 |    31 |     6 |     5 ||   167
       Bread ration      |       |     2 |     1 |       |       |     3 |     9 |     3 ||    18
Armor: Robe              |     2 |    11 |       |       |       |       |       |       ||    13
       Chain mail        |       |    66 |    93 |       |   186 |       |       |       ||   345
       Skin              |       |       |    17 |       |       |       |       |       ||    17
       Scale mail        |       |       |    10 |   205 |    72 |       |     3 |       ||   290
       Plate armour      |       |       |     7 |       |   225 |   569 |   212 |       ||  1013
       Ice dragon scales |       |       |       |       |       |       |    87 |       ||    87
       Gold dragon scale |       |       |       |       |       |       |    15 |   308 ||   323
Dodge: Dodged            |    30 |    30 |    31 |   202 |   565 |   919 |   760 |   435 ||  2972
Block: Large shield      |    16 |   127 |   224 |   508 |   870 |       |       |       ||  1745
       Buckler           |       |       |       |       |   353 |   921 |   904 |   651 ||  2829
       Reflection        |       |       |       |       |       |       |    21 |    37 ||    58
       Rpst.: Falchion   |     9 |     5 |     5 |       |       |       |       |       ||    19
       Scimitar          |       |       |     2 |    47 |   105 |   106 |       |       ||   260
       Double sword      |       |       |       |       |       |    70 |   158 |    54 ||   282

Inventory:

Hand Weapons
 X - a +1 double sword of slicing (weapon)
   (You acquired it on level 4 of the Spider Nest)
Missiles
 g - 4 tomahawks of dispersal (quivered)
 u - 1354 bolts
Armour
 j - a +2 buckler of fire resistance
   (You took it off a tengu warrior on level 4 of the Depths)
 n - +7 gold dragon scales (worn)
   (You found it on level 2 of the Depths)
 y - a scarf of cloud immunity (worn)
   (You found it on level 9 of the Dungeon)
 L - the +5 buckler of Classification (worn) {*Drain rF+ Str+10 Int+2}
   (You found it on level 13 of the Dungeon)

   It affects your strength (+10).
   It affects your intelligence (+2).
   It protects you from fire.
   It causes draining when unequipped.
 R - a +2 pair of gloves (worn)
   (You found it on level 2 of the Spider Nest)
 Y - a +0 pair of boots of running (worn)
   (You bought it in a shop on level 1 of the Vaults)
Jewellery
 c - the ring "Koxuanwo" (left hand) {*Drain +Blink rElec rPois rC+++}
   (You found it on level 2 of the Depths)

   [ring of poison resistance]

   It renders you almost immune to cold.
   It insulates you from electricity.
   It protects you from poison.
   It lets you blink.
   It causes draining when unequipped.
 E - an uncursed ring of resist corrosion
   (You found it on level 8 of the Dungeon)
 H - a ring of protection from magic (right hand) {MR+}
   (You bought it in a shop on level 1 of the Orcish Mines)
 K - the ring "Jougaosh" {rF+ AC+4 Dex+2}
   (You bought it in a shop on level 2 of the Orcish Mines)

   [ring of protection]

   It affects your AC (+4).
   It affects your dexterity (+2).
   It protects you from fire.
 M - an uncursed ring of see invisible {sInv}
   (You bought it in a shop on level 2 of the Orcish Mines)
 S - an uncursed ring of positive energy {rN+}
   (You found it on level 2 of the Swamp)
 Z - a +5 amulet of reflection (around neck)
   (You bought it in a shop on level 2 of the Elven Halls)
Wands
 I - a wand of acid (6/15)
   (You found it on level 1 of the Elven Halls)
 P - a wand of acid (8/15)
   (You took it off an orc on level 11 of the Dungeon)
 U - a wand of digging (8/24)
   (You found it in a wizard's laboratory)
Scrolls
 b - 2 scrolls of blinking
 d - 6 scrolls of remove curse
 f - 7 scrolls of fog {!r}
 h - 9 scrolls of enchant weapon
 i - 6 scrolls of recharging
 l - 3 scrolls of magic mapping {!r}
 m - 2 scrolls of amnesia
 r - 2 scrolls of identify
 t - 27 scrolls of teleportation {!r}
 x - 2 scrolls of holy word
 C - a scroll of brand weapon
 F - 6 scrolls of immolation
 T - a scroll of summoning
Potions
 a - 3 potions of invisibility
 o - 7 potions of curing
 p - 10 potions of flight
 q - 2 potions of heal wounds
 s - 3 potions of brilliance
 v - 5 potions of might
 A - 2 potions of magic
 G - a potion of resistance
 O - a potion of ambrosia
 Q - 4 potions of haste
 V - 4 potions of cancellation
Books
 w - Golubria's Compendium of Displacement
   (You found it in a wizard's laboratory)

   Spells                             Type                      Level
   a - Apportation                    Translocation                1
   b - Shroud of Golubria             Charms/Translocation         2
   c - Recall                         Summoning/Translocation      3
   d - Force Lance                    Conjuration/Translocation    4
   e - Passage of Golubria            Translocation                4
   f - Summon Forest                  Summoning/Translocation      5
   g - Malign Gateway                 Summoning/Translocation      7
 z - Golubria's Collected Works on the Compass
   (You found it in a wizard's laboratory)

   Spells                             Type                      Level
   a - Apportation                    Translocation                1
   b - Shroud of Golubria             Charms/Translocation         2
   c - Blink                          Translocation                2
   d - Force Lance                    Conjuration/Translocation    4
   e - Passage of Golubria            Translocation                4
   f - Dispersal                      Translocation                6
   g - Malign Gateway                 Summoning/Translocation      7
Miscellaneous
 k - 2 phantom mirrors
Comestibles
 e - 6 bread rations
 B - 37 meat rations
 D - 26 royal jellies
 J - a chunk of flesh

Dungeon Overview and Level Annotations

Branches:
Dungeon (15/15)            Temple (1/1) D:7            Lair (6/6) D:9
  Swamp (4/4) Lair:2       Spider (4/4) Lair:2          Orc (2/2) D:11
    Elf (2/3) Orc:2        Vaults (4/5) D:13          Crypt (0/3) Vaults:2
 Depths (5/5) D:15
  Slime: Lair:5-6       Zot: Depths:5

Altars:
Ashenzari
Cheibriados
Dithmenos
Elyvilon
Fedhas
Gozag
Hepliaklqana
Kikubaaqudgha
Makhleb
Nemelex Xobeh
Okawaru
Qazlal
Ru
Sif Muna
Trog
Uskayaw
Vehumet
Wu Jian
Xom
Yredelemnul
Zin
The Shining One
Lugonu

Shops:
D:8 *   D:9 *   D:12 *   Orc:1 =   Orc:2 ==%%:(   Elf:1 *?   Elf:2 ?=[*?
Vaults:1 [   Vaults:4 %   Depths:2 =}}

Portals:
Hell: Depths:1 Depths:2 Depths:3 Depths:4
Abyss: Depths:4
Pandemonium: Orc:2 Depths:3
Trove: Vaults:4 (give horn of Geryon)

Annotations:
Lair:5 exclusion: 4 oklob plants


You were on level 5 of the Depths.
You worshipped Zin.
Zin was extremely pleased with you.
You were not hungry.

You visited 9 branches of the dungeon, and saw 43 of its levels.
You visited 2 bazaars.
You also visited: Volcano and Wizlab.

You collected 4641 gold pieces.
You spent 2634 gold pieces at shops.
You donated 782 gold pieces to Zin.


Message History

The deep troll shaman closely misses you.
You furiously retaliate!
You headbutt the deep troll shaman!!
You kill the deep troll shaman!
The troll leather armour is intact enough to wear.
The deep troll shaman calls upon its god to strengthen the deep troll.
The deep troll seems to grow stronger.
The yaktaur captain hits you but does no damage.
You block the brown very ugly thing's attack.
The deep troll bites you!
* * * LOW HITPOINT WARNING * * *
The deep troll claws you but does no damage.
The deep troll claws you!
* * * LOW HITPOINT WARNING * * *
You take 17 damage, and have 96/227 hp.
You miss the tengu warrior. Your headbutt misses the tengu warrior.
The yellow draconian barely misses you.
The white draconian knight hits you but does no damage.
The deep troll shaman calls upon its god to strengthen the deep troll.
The deep troll seems to grow stronger.
The tengu warrior misses you. The tengu warrior pecks you.
* * * LOW HITPOINT WARNING * * *
The tengu warrior closely misses you. You block the yaktaur captain's attack.
You block the brown very ugly thing's attack.
You take 3 damage, and have 93/227 hp.
Unknown command.
Okay, then.
Unknown command.
You miss the tengu warrior.
You block the deep troll shaman's attack. x2
The deep troll shaman claws you.
* * * LOW HITPOINT WARNING * * *
You block the deep troll's attack.
The deep troll completely misses you. x2
The white draconian knight hits you with a battleaxe of chopping!
* * * LOW HITPOINT WARNING * * *
x2 The deep troll earth mage bites itself!
The deep troll earth mage barely misses itself.
The deep troll earth mage claws itself but does no damage.
The yellow draconian closely misses you.
A yaktaur comes into view.
You take 11 damage, and have 82/227 hp.
The tengu warrior blocks your attack.
You headbutt the tengu warrior!!
The deep troll shaman bites you but does no damage.
The deep troll shaman claws you.
* * * LOW HITPOINT WARNING * * *
The deep troll shaman claws you but does no damage.
You block the brown very ugly thing's attack.
The yaktaur captain completely misses you.
You riposte.
You slice the yaktaur captain!!
Your headbutt misses the yaktaur captain.
The tengu warrior hits you but does no damage.
The tengu warrior closely misses you. You block the tengu warrior's attack.
The deep troll barely misses you. You furiously retaliate!
You headbutt the deep troll!
You riposte.
A great orb of eyes comes into view.
The great orb of eyes turns its gaze towards you.
You slice the deep troll!! You headbutt the deep troll!
The deep troll misses you. The deep troll completely misses you.
The white draconian knight completely misses you.
The yaktaur moves out of view.
You take 2 damage, and have 80/227 hp.
You slash the tengu warrior! You headbutt the tengu warrior.
You kill the tengu warrior!
The deep troll shaman barely misses you.
The deep troll shaman claws you.
* * * LOW HITPOINT WARNING * * *
The deep troll shaman closely misses you.
You block the deep troll shaman's attack.
The deep troll shaman claws you but does no damage. x2
You block the yaktaur captain's attack.
The brown very ugly thing trunk-slaps you but does no damage.
The great orb of eyes gazes at you.
You suddenly lose the ability to move!
The yellow draconian hits you but does no damage.
The white draconian knight completely misses you.
The deep troll shaman bites you but does no damage.
The deep troll shaman claws you!
* * * LOW HITPOINT WARNING * * *
The deep troll shaman claws you.
* * * LOW HITPOINT WARNING * * *
The yaktaur captain hits you but does no damage.
The brown very ugly thing trunk-slaps you but does no damage.
The yellow draconian hits you but does no damage.
An ettin comes into view. It is wielding two dire flails.
The white draconian knight hits you with a battleaxe of chopping!
* * * LOW HITPOINT WARNING * * *
x2 The deep troll bites you but does no damage.
The deep troll claws you!
* * * LOW HITPOINT WARNING * * *
The deep troll claws you!
* * * LOW HITPOINT WARNING * * *
The deep troll shaman bites you but does no damage.
The deep troll shaman claws you.
* * * LOW HITPOINT WARNING * * *
The deep troll shaman claws you!
* * * LOW HITPOINT WARNING * * *
The deep troll shaman bites you.
* * * LOW HITPOINT WARNING * * *
The deep troll shaman claws you but does no damage.
The deep troll shaman claws you!
You die...

,,,,,,≈,,,,,,,,,,,,,,,,,,≈≈*,,,*≈
*,,,≈≈,,,*#..,,,,.......,≈≈*,,,*≈
**,,≈,,,**,..,,,,.......,≈≈*,,,*≈
,,,,≈,,****,.c,,,.......,≈***+***
,,,,,,,,,***#.,,,.......,≈**≈,≈**
,,,,≈≈,,,** #..*,d......,≈≈≈≈,≈≈≈
,,,,≈≈≈≈,,###..##d......,,,,,,,,,
,,,,,,,≈.##..CTTquT$#**,,,,,,,,,,
**,,,,,....%..##@TT.##*,≈,,,,,,,,
,**,,**....≈...)Tc...#,,≈≈≈,,,,,,
,,,,,,,..§.≈..<....T....,,,,,,,,,
,,,,,,,..§G§§.##.....$..,,,,,,,,,
,,*,,,,..§§≈§.,#....T...,,,,,,,,,
***,,,,..§§§§.,.T.......,,,,,,,,,
***,,..§§§.#*.........*,,,,,*,*
*,,.≈≈...,,...≈.....*,**,,,**
*,,.≈....,,,..≈....,,,,,,,,*


You could see a white draconian knight, a brown very ugly thing, a yellow
draconian, a red draconian, a yaktaur captain, a great orb of eyes, an ettin, 6
deep trolls, a deep troll earth mage (confused), 2 deep troll shamans and a
yaktaur.

Notes
Turn   | Place    | Note
-------+----------+-------------------------------------------
     0 | D:1      | theanonym the Minotaur Monk began the quest for the Orb.
     0 | D:1      | Reached XP level 1. HP: 19/19 MP: 0/0
   123 | D:1      | Reached skill level 4 in Long Blades
   159 | D:1      | Reached XP level 2. HP: 23/27 MP: 1/1
   287 | D:1      | Reached skill level 4 in Fighting
   864 | D:2      | HP: 13/27 [adder (2)]
   866 | D:2      | Reached XP level 3. HP: 22/33 MP: 2/2
   871 | D:2      | HP: 13/33 [poisoned by an adder]
   876 | D:2      | HP: 10/33 [poisoned by an adder]
   881 | D:2      | HP: 9/33 [poisoned by an adder]
   886 | D:2      | HP: 7/33 [poisoned by an adder]
  1298 | D:2      | Found a white marble altar of Elyvilon.
  1302 | D:2      | Noticed Terence
  1313 | D:2      | Killed Terence
  1313 | D:2      | Reached skill level 5 in Long Blades
  1316 | D:2      | Reached XP level 4. HP: 32/41 MP: 3/3
  1815 | D:2      | Noticed Jessica
  1825 | D:2      | Killed Jessica
  2071 | D:3      | Reached skill level 5 in Fighting
  2071 | D:3      | Reached skill level 6 in Long Blades
  2071 | D:3      | Reached XP level 5. HP: 29/48 MP: 4/4
  2071 | D:3      | HP: 23/48 [orc/flail (6)]
  2534 | D:3      | HP: 21/48 [orc priest/nerve-wracking pain (13)]
  2536 | D:3      | HP: 2/48 [orc priest/divine providence (14)]
  2537 | D:3      | Reached skill level 7 in Long Blades
  2537 | D:3      | Reached XP level 6. HP: 3/56 MP: 5/5
  3086 | D:3      | HP: 25/56 [ogre/giant club (15)]
  3391 | D:3      | Found a burning altar of Makhleb.
  3392 | D:3      | Found a radiant altar of Vehumet.
  3588 | D:4      | Found an iron altar of Okawaru.
  3805 | D:4      | HP: 28/57 [scorpion (5)]
  3806 | D:4      | Wingboner: Зачем ты так жестоко коровку гробанул?!11
  4033 | D:4      | Reached skill level 6 in Fighting
  4035 | D:4      | Reached skill level 8 in Long Blades
  4381 | D:4      | theanonym: В смысле?
  4383 | D:5      | Entered Level 5 of the Dungeon
  4513 | D:5      | Reached XP level 7. HP: 47/63 MP: 6/6
  4915 | D:5      | Noticed a yak
  5005 | D:5      | Noticed a yak
  5006 | D:5      | Noticed a yak
  5252 | D:5      | Reached skill level 9 in Long Blades
  5568 | D:5      | Reached skill level 7 in Fighting
  5856 | D:6      | theanonym: !lg . mi place=orc
  5856 | D:6      | beem: 2. theanonym the Carver (L12 MiMo of Zin), blasted by an orc priest (divine providence) (summoned by an orange crystal statue) on Orc:1 (chequers_guarded_unrand_ignorance) on 2017-11-09 19:16:42, with 20876 points after 16154 turns and 0:37:10.
  5856 | D:6      | theanonym: Вот это жёстко
  5856 | D:6      | theanonym: !lg . mi place=orc -log
  5974 | D:6      | Found a glowing golden altar of the Shining One.
  6021 | D:6      | HP: 26/66 [ice beast (12)]
  6026 | D:6      | HP: 24/66 [ice beast (2)]
  6029 | D:6      | Reached XP level 8. HP: 22/73 MP: 7/7
  6331 | D:6      | Reached skill level 10 in Long Blades
  6332 | D:6      | theanonym: !lg . mi place=orc -log
  6332 | D:6      | beem: 2. theanonym, XL12 MiMo, T:16154: http://crawl.xtahua.com/crawl/morgue/theanonym/morgue-theanonym-20171109-191642.txt
  6340 | D:6      | theanonym: Интеллект -14
  6519 | D:6      | Found a stormy altar of Qazlal.
  6685 | D:6      | Reached skill level 8 in Fighting
  6757 | D:6      | Reached skill level 11 in Long Blades
  7284 | D:7      | Found a staircase to the Ecumenical Temple.
  7549 | Temple   | Entered the Ecumenical Temple
  7752 | D:7      | Reached XP level 9. HP: 71/82 MP: 8/8
  7854 | D:7      | Reached skill level 9 in Fighting
  7867 | D:7      | Reached skill level 12 in Long Blades
  8975 | D:8      | Reached skill level 13 in Long Blades
  9268 | D:8      | Found Tuahamue's Assorted Antiques.
  9344 | D:8      | Reached skill level 10 in Fighting
  9605 | D:8      | Bought a scroll of identify for 46 gold pieces
  9605 | D:8      | Bought a potion of berserk rage for 115 gold pieces
 10051 | D:8      | Got a crude scale mail
 10255 | D:9      | Found a staircase to the Lair.
 10361 | D:9      | Identified the +3 scale mail of Dithmenos's Fury {rC+ Int+4 SInv} (You found it on level 8 of the Dungeon)
 10544 | D:9      | Noticed Maurice
 10560 | D:9      | Killed Maurice
 10560 | D:9      | Reached XP level 10. HP: 73/94 MP: 9/9
 10720 | D:9      | Reached skill level 14 in Long Blades
 10908 | D:9      | Found Zin's Purification Station.
 10916 | D:9      | Found a glowing silver altar of Zin.
 10924 | D:9      | Became a worshipper of Zin the Law-Giver
 10924 | D:9      | Reached * piety under Zin
 10924 | D:9      | Reached ** piety under Zin
 10924 | D:9      | Reached *** piety under Zin
 11182 | D:10     | Entered Level 10 of the Dungeon
 11188 | D:10     | Noticed a two-headed ogre
 11235 | Lair:1   | Entered Level 1 of the Lair of Beasts
 11235 | Lair:1   | Noticed a spiny frog
 11244 | Lair:1   | Killed a spiny frog
 11244 | Lair:1   | Reached skill level 11 in Fighting
 11244 | Lair:1   | Reached skill level 1 in Armour
 11244 | Lair:1   | Reached skill level 1 in Shields
 11244 | Lair:1   | Reached skill level 1 in Invocations
 11424 | Lair:1   | Reached skill level 2 in Invocations
 11437 | Lair:1   | Reached skill level 3 in Invocations
 11572 | Lair:1   | HP: 42/95 [komodo dragon (27)]
 11828 | Lair:1   | Reached **** piety under Zin
 11863 | Lair:1   | Reached skill level 2 in Shields
 11942 | Lair:1   | Reached skill level 2 in Armour
 12123 | Lair:1   | Reached skill level 4 in Dodging
 12123 | Lair:1   | Reached skill level 4 in Invocations
 12189 | Lair:1   | HP: 37/96 [komodo dragon (25)]
 12561 | Lair:1   | Reached skill level 3 in Armour
 12561 | Lair:1   | Reached skill level 3 in Shields
 13121 | Lair:1   | theanonym: !lg * s=-int
 13121 | Lair:1   | beem: 8023034 games for *: -57, -56, -55, -77, -53, -52, -51, -50, 87, -48, 93, -72, -89, -95, -37, 77, 73, -68, 114, 82, -65, -81, -84, 2x 80, 2x 100, 2x -27, 2x -78, 2x -76, 2x -74, 2x -71, 2x -67, 2x -96, 2x -61, 2x -60, 2x -92, 2x -49, 2x -91, 2x 74, 2x -88, 2x -41, 2x -40, 2x -86, 3x 71, 3x -69, 3x -66, 3x -54, 3x -47, 3x -45, 3x -43, 3x -38, 3x -35, 3x 75, 3x 69, 4x -39, 4x 76, 4x -34, 4x -36, 4...
 13121 | Lair:1   | theanonym: Да это далеко не рекород
 13121 | Lair:1   | theanonym: !lg * int=-95
 13121 | Lair:1   | theanonym: !lg * int=-95 -log
 13121 | Lair:1   | beem: 1. nonest the Carver (L9 MiFi of Okawaru), forgot to breathe caused by an orange crystal statue on D:9 (minmay_statue_crystal_thing) on 2012-03-03 15:49:26, with 2055 points after 7006 turns and 0:36:32.
 13121 | Lair:1   | beem: 1. nonest, XL9 MiFi, T:7006: http://crawl.develz.org/morgues/0.10/nonest/morgue-nonest-20120303-154926.txt
 13143 | Lair:2   | Reached skill level 5 in Invocations
 13289 | Lair:2   | Noticed a six-headed hydra
 13434 | Lair:2   | Reached XP level 11. HP: 86/102 MP: 12/14
 13442 | Lair:2   | Noticed a five-headed hydra
 13589 | Lair:2   | Killed a three-headed hydra
 13589 | Lair:2   | Reached skill level 4 in Armour
 13589 | Lair:2   | Reached skill level 5 in Dodging
 13589 | Lair:2   | Reached skill level 4 in Shields
 13813 | Lair:2   | HP: 46/103 [six-headed hydra (6)]
 14277 | Lair:2   | Reached skill level 6 in Invocations
 14404 | Lair:2   | Found a hole to the Spider Nest.
 14430 | Lair:2   | HP: 52/104 [jumping spider (8)]
 14778 | Lair:2   | Found a staircase to the Swamp.
 14799 | Lair:2   | HP: 52/104 [four-headed hydra (13)]
 14802 | Lair:2   | Killed a two-headed hydra
 14802 | Lair:2   | Reached skill level 5 in Armour
 14802 | Lair:2   | Reached skill level 5 in Shields
 14984 | Lair:2   | Reached skill level 7 in Invocations
 15100 | Lair:2   | Reached skill level 12 in Fighting
 15106 | Lair:2   | Reached skill level 6 in Dodging
 15308 | Lair:2   | Noticed Prince Ribbit
 15315 | Lair:2   | Killed Prince Ribbit
 16229 | Lair:3   | HP: 50/104 [wolf (6)]
 16529 | Lair:3   | Reached skill level 6 in Armour
 16534 | Lair:3   | HP: 45/104 [wolf (9)]
 16536 | Lair:3   | Reached skill level 6 in Shields
 16832 | Lair:3   | Reached skill level 8 in Invocations
 16832 | Lair:3   | Reached XP level 12. HP: 58/112 MP: 15/17
 17732 | Lair:3   | Reached skill level 7 in Dodging
 17923 | Lair:4   | Noticed Nergalle
 17942 | Lair:4   | Killed Nergalle
 18008 | Lair:4   | Noticed a seven-headed hydra
 18014 | Lair:4   | HP: 54/113 [six-headed hydra (11)]
 18019 | Lair:4   | Killed a two-headed hydra
 18664 | Lair:4   | HP: 50/113 [elephant (13)]
 18670 | Lair:4   | HP: 32/113 [elephant (1)]
 18675 | Lair:4   | Reached skill level 9 in Invocations
 18676 | Lair:4   | HP: 7/113 [elephant (12)]
 18679 | Lair:4   | Reached skill level 7 in Armour
 18679 | Lair:4   | Zin protects you from harm!
 18685 | Lair:4   | Reached skill level 7 in Shields
 19279 | Lair:4   | Noticed a four-headed hydra
 19286 | Lair:4   | Killed a one-headed hydra
 19973 | D:10     | Noticed Josephine
 19992 | D:10     | HP: 55/113 [Josephine/ghostly fireball (29)]
 19995 | D:10     | HP: 12/113 [Josephine/ghostly fireball (20)]
 19996 | D:10     | Killed Josephine
 19996 | D:10     | Reached skill level 13 in Fighting
 19996 | D:10     | Reached skill level 8 in Dodging
 20360 | D:10     | Noticed a two-headed ogre
 20374 | D:10     | Killed a two-headed ogre
 20602 | D:10     | Reached skill level 10 in Invocations
 20662 | D:10     | Reached skill level 8 in Armour
 20806 | D:10     | Killed a two-headed ogre
 20806 | D:10     | Reached skill level 8 in Shields
 20806 | D:10     | Reached XP level 13. HP: 92/121 MP: 19/19
 20979 | D:10     | Donated 334 gold pieces to Zin
 21189 | D:10     | Noticed Grum
 21207 | D:10     | HP: 50/121 [Grum/spear of flaming (14)]
 21212 | D:10     | Killed Grum
 21579 | D:10     | You fall through a shaft!
 22294 | D:11     | HP: 57/121 [warg (7)]
 22300 | D:11     | HP: 48/121 [warg (7)]
 22563 | D:11     | Found a staircase to the Orcish Mines.
 22662 | D:11     | Reached skill level 9 in Dodging
 23177 | Orc:1    | Entered Level 1 of the Orcish Mines
 23189 | Orc:1    | Reached skill level 9 in Armour
 23285 | Orc:1    | Found Zakak's Jewellery Boutique.
 23290 | Orc:1    | Reached skill level 9 in Shields
 23313 | Orc:1    | Reached ***** piety under Zin
 23316 | Orc:1    | Bought an uncursed ring of protection from magic for 350 gold pieces
 23355 | Orc:1    | HP: 54/122 [orc warrior/halberd[an orc knight] (12)]
 23359 | Orc:1    | HP: 26/122 [orc priest/divine providence[an orc knight] (13)]
 23377 | Orc:1    | HP: 12/122 [warg[an orc knight] (9)]
 23390 | Orc:1    | HP: 13/122 [orc/mace[an orc knight] (3)]
 24319 | Orc:2    | Entered Level 2 of the Orcish Mines
 24334 | Orc:2    | Found a dark tunnel.
 24337 | Volcano  | Entered a volcano
 24348 | Volcano  | Noticed zkyp's ghost (journeyman HOAs)
 24369 | Volcano  | HP: 54/122 [zkyp's ghost (12)]
 24375 | Volcano  | Killed zkyp's ghost
 24669 | Volcano  | HP: 52/122 [red devil/trident of flaming (13)]
 24961 | Volcano  | HP: 60/122 [sun demon (16)]
 24968 | Volcano  | HP: 47/122 [hell hound (5)]
 24982 | Volcano  | HP: 37/122 [hell hound/blast of flame (1)]
 25376 | Orc:2    | Reached skill level 14 in Fighting
 25420 | Orc:2    | Found a flickering gateway to a bazaar.
 25429 | Bazaar   | Entered a bazaar
 25429 | Bazaar   | Found Ogaofem's Distillery.
 25429 | Bazaar   | Found Tuelyfel's Distillery.
 25447 | Bazaar   | Found Effiv's Weapon Emporium.
 25482 | Bazaar   | Found Yschuzolo's Antique Armour Boutique.
 25514 | Bazaar   | Bought a potion of agility for 48 gold pieces
 25666 | Orc:2    | Noticed Erolcha
 25670 | Orc:2    | Killed Erolcha
 25695 | Orc:2    | Found Soduq's Jewellery Emporium.
 25739 | Orc:2    | Found Baesosyena's Jewellery Shoppe.
 25968 | Orc:2    | Reached skill level 10 in Armour
 26057 | Orc:2    | Found a staircase to the Elven Halls.
 26705 | Lair:5   | Reached skill level 10 in Dodging
 26705 | Lair:5   | Reached skill level 10 in Shields
 27381 | Lair:5   | Reached XP level 14. HP: 108/132 MP: 20/20
 27731 | Lair:5   | Got a spiked scale mail
 27777 | Lair:5   | Identified the +1 scale mail "Joalyssi" {rPois rF+++ rCorr} (You found it on level 5 of the Lair of Beasts)
 28136 | Lair:5   | Reached ****** piety under Zin
 28756 | Lair:6   | Entered Level 6 of the Lair of Beasts
 28787 | Lair:5   | HP: 60/132 [hornet (11)]
 28792 | Lair:5   | HP: 50/132 [hornet (2)]
 29173 | Swamp:1  | Entered Level 1 of the Swamp
 29231 | Swamp:1  | HP: 65/132 [spriggan rider/spear (16)]
 29241 | Swamp:1  | HP: 33/132 [spriggan rider/spear (13)]
 29246 | Swamp:1  | HP: 26/133 [spriggan rider/spear (5)]
 29634 | D:5      | Noticed Sigmund
 29640 | D:5      | Killed Sigmund
 29657 | D:5      | Noticed Edmund
 29669 | D:5      | Killed Edmund
 30314 | D:12     | Found Edesitz's General Store.
 30676 | D:12     | Reached skill level 11 in Invocations
 31037 | D:13     | Reached skill level 11 in Shields
 31184 | D:13     | Got a twisted buckler
 31223 | D:13     | Reached skill level 11 in Armour
 31231 | D:13     | Reached skill level 15 in Fighting
 31343 | D:13     | Reached skill level 11 in Dodging
 31515 | D:13     | Found a gate to the Vaults.
 31580 | D:13     | Identified the +5 buckler of Classification {*Drain rF+ Str+10 Int+2} (You found it on level 13 of the Dungeon)
 32352 | D:14     | Noticed Urug
 32354 | D:14     | Noticed Azrael
 32413 | D:14     | Noticed Sonja
 32489 | D:13     | Paralysed by a hornet for 2 turns
 32787 | Spider:1 | Entered Level 1 of the Spider Nest
 32901 | Spider:1 | Reached XP level 15. HP: 128/141 MP: 22/22
 33800 | Spider:1 | Reached skill level 12 in Armour
 34334 | Spider:2 | Reached skill level 12 in Invocations
 34344 | Spider:2 | HP: 65/143 [disintegration (19)]
 34753 | D:14     | Noticed Louise
 34781 | D:13     | Killed Azrael
 34924 | D:14     | Killed Louise
 34924 | D:14     | Reached skill level 12 in Dodging
 35040 | D:14     | Killed Urug
 35210 | D:14     | Killed Sonja
 35637 | D:14     | HP: 62/143 [very large slime creature (35)]
 35643 | D:13     | HP: 48/143 [large slime creature (16)]
 35649 | D:13     | HP: 29/143 [slime creature (8)]
 36069 | D:15     | Entered Level 15 of the Dungeon
 36069 | D:15     | Found a staircase to the Depths.
 36267 | Elf:1    | Entered Level 1 of the Elven Halls
 36608 | Swamp:1  | Reached skill level 16 in Fighting
 37644 | Swamp:2  | Noticed a thorn hunter
 37659 | Swamp:2  | HP: 65/144 [thorn hunter/volley of thorns (23)]
 37664 | Swamp:2  | HP: 24/144 [thorn hunter/volley of thorns (26)]
 37666 | Swamp:2  | Killed a thorn hunter
 38014 | Swamp:2  | Noticed a thorn hunter
 38037 | Swamp:2  | Killed a thorn hunter
 38438 | Swamp:2  | Reached skill level 13 in Armour
 39269 | Swamp:3  | Reached XP level 16. HP: 99/152 MP: 24/24
 39462 | Swamp:3  | Noticed a thorn hunter
 39472 | Swamp:3  | Killed a thorn hunter
 39830 | Swamp:3  | Reached skill level 13 in Invocations
 39972 | Swamp:3  | Reached skill level 13 in Dodging
 40184 | Swamp:4  | Entered Level 4 of the Swamp
 40765 | Swamp:4  | Reached skill level 17 in Fighting
 40772 | Swamp:4  | HP: 70/155 [four-headed hydra[a spriggan druid] (11)]
 41372 | Swamp:4  | Noticed a thorn hunter
 41375 | Swamp:4  | HP: 60/155 [thorn hunter/volley of thorns (23)]
 41381 | Swamp:4  | HP: 35/155 [thorn hunter/volley of thorns (17)]
 41382 | Swamp:4  | HP: 2/155 [thorn hunter/volley of thorns (33)]
 41383 | Swamp:4  | Killed a thorn hunter
 41404 | Swamp:4  | Noticed a thorn hunter
 41411 | Swamp:4  | HP: 9/155 [swamp dragon (3)]
 41421 | Swamp:4  | Reached skill level 14 in Armour
 41465 | Swamp:4  | HP: 27/155 [five-headed hydra (6)]
 42126 | Swamp:4  | Got a decaying rune of Zot
 42384 | Swamp:4  | Killed a thorn hunter
 43438 | D:15     | Reached skill level 14 in Dodging
 43641 | D:15     | HP: 48/156 [mirror damage (32)]
 43956 | D:15     | Got a slimy robe
 44311 | Vaults:1 | Entered Level 1 of the Vaults
 44322 | Vaults:1 | HP: 78/157 [ironheart preserver/mace (7)]
 44328 | D:13     | HP: 8/157 [ice dragon/blast of cold (33)]
 44794 | D:13     | Reached XP level 17. HP: 162/163 MP: 23/26
 45022 | Orc:2    | Bought the ring "Jougaosh" {rF+ AC+4 Dex+2} for 650 gold pieces
 45022 | Orc:2    | Bought an uncursed ring of see invisible for 180 gold pieces
 45115 | Orc:2    | Found Viacw's Food Shop.
 45117 | Orc:2    | Found Ruvarphe's Food Boutique.
 45152 | Orc:2    | HP: 74/163 [soul eater/drain life (17)]
 45157 | Orc:2    | HP: 62/163 [soul eater/drain life (14)]
 45191 | Orc:2    | HP: 63/163 [soul eater/drain life (10)]
 45197 | Orc:2    | Reached skill level 14 in Invocations
 45753 | Orc:2    | Reached skill level 15 in Armour
 45794 | Orc:2    | Found Meul's Book Emporium.
 45794 | Orc:2    | Found a one-way gate leading to the halls of Pandemonium.
 45794 | Orc:2    | Found Urebb's Antique Weapon Shoppe.
 46061 | Spider:2 | Reached skill level 18 in Fighting
 46069 | Spider:2 | Reached skill level 12 in Shields
 46781 | Spider:3 | HP: 81/163 [jumping spider (9)]
 47220 | Spider:3 | Noticed Arachne
 47245 | Spider:3 | Killed Arachne
 47373 | Spider:3 | Noticed Nikola
 47402 | Spider:3 | Killed Nikola
 48330 | Spider:4 | Entered Level 4 of the Spider Nest
 48386 | Spider:4 | Identified a scroll of acquirement
 48723 | Spider:4 | Reached skill level 15 in Dodging
 48760 | Spider:4 | HP: 82/166 [wolf spider (9)]
 48779 | Spider:4 | HP: 57/166 [disintegration (29)]
 48787 | Spider:4 | Reached skill level 13 in Shields
 48805 | Spider:4 | HP: 62/166 [redback (4)]
 48806 | Spider:4 | HP: 29/166 [disintegration (23)]
 48869 | Spider:4 | HP: 79/166 [something (1)]
 48875 | Spider:4 | HP: 47/166 [ghost moth (9)]
 49982 | Spider:4 | Reached XP level 18. HP: 153/173 MP: 26/28
 49987 | Spider:4 | HP: 127/259 [emperor scorpion (7)]
 49992 | Spider:4 | HP: 97/259 [spark wasp (10)]
 49999 | Spider:4 | HP: 41/173 [emperor scorpion (16)]
 49999 | Spider:4 | HP: 14/173 [emperor scorpion (16)]
 50452 | Spider:3 | Reached skill level 15 in Invocations
 50908 | Spider:4 | Got a gossamer rune of Zot
 51391 | Vaults:1 | DEFE: Мимо
 51439 | Vaults:1 | Reached skill level 19 in Fighting
 51488 | Vaults:1 | theanonym: Осьминогом ходил с большим щитом а минотавром с баклером
 51788 | Vaults:1 | Reached skill level 14 in Shields
 51844 | Vaults:1 | DEFE: lol
 51844 | Vaults:1 | theanonym: Вещи вообще говно всю игру
 51844 | Vaults:1 | DEFE: почему?
 51844 | Vaults:1 | DEFE: вполне норм шмот
 51844 | Vaults:1 | DEFE: я бы клауд иммунити носил
 51844 | Vaults:1 | DEFE: а не плащ
 51844 | Vaults:1 | DEFE: у тебя там не рЦ-?
 51844 | Vaults:1 | theanonym: А где облака?
 51844 | Vaults:1 | DEFE: норм
 51844 | Vaults:1 | DEFE: облака
 51844 | Vaults:1 | DEFE: ну примерно с вольтсовуже начинаются
 51844 | Vaults:1 | DEFE: всякие драконы
 51844 | Vaults:1 | DEFE: нвдышат
 51844 | Vaults:1 | DEFE: кастеры
 51844 | Vaults:1 | theanonym: В свампе были эти крабы прозрачные, я против них надевал
 52160 | Vaults:1 | DEFE: лол
 52189 | Vaults:1 | DEFE: зину кстати нужно оче много инво
 52190 | Vaults:1 | theanonym: Да качаю всю игру
 52190 | Vaults:1 | theanonym: Ой
 52190 | Vaults:1 | DEFE: 14 лонгов
 52190 | Vaults:1 | DEFE: это мало
 52190 | Vaults:1 | DEFE: каждый уровень скилла оружия увеличивает урон примерно на 2.5%
 52190 | Vaults:1 | theanonym: Я до капа обычно
 52190 | Vaults:1 | DEFE: нужно до 20 хотя бы для начала
 52190 | Vaults:1 | DEFE: если собралася табать
 52190 | Vaults:1 | theanonym: Потом если до панд доживаю ставлю до 27
 52190 | Vaults:1 | DEFE: щиты выключи, раз баклер все равно
 52190 | Vaults:1 | DEFE: потом включишь
 52190 | Vaults:1 | theanonym: Надо поменять
 52190 | Vaults:1 | theanonym: У него просто +силы и дрейн
 52190 | Vaults:1 | theanonym: +10 силы
 52190 | Vaults:1 | DEFE: я бы таскал +10 силы
 52190 | Vaults:1 | DEFE: ??str
 52190 | Vaults:1 | beem: strength[1/2]: Strength reduces penalties from wearing body armour; see {aevp}. Has a small impact on melee and launcher damage, roughly +25% of initial damage per 10 points of str above 10.
 52190 | Vaults:1 | theanonym: SH мало
 52190 | Vaults:1 | DEFE: lf ybye;ty
 52190 | Vaults:1 | DEFE: да нинужно
 52190 | Vaults:1 | DEFE: ты же минотавр
 52190 | Vaults:1 | DEFE: у тебя и так армора навалом
 52221 | Vaults:1 | Reached skill level 16 in Dodging
 52228 | Vaults:1 | DEFE: я бы правда вообще двуруч таскал с таким раскладом
 52229 | Vaults:1 | theanonym: В прошлый раз это плохо кончилось
 52229 | Vaults:1 | theanonym: Нашёл трипл и ходил с 0 SH
 52231 | Vaults:1 | Got an encrusted long sword {drain}
 52234 | Vaults:1 | Identified the +5 long sword "Rimyuh" {drain, Str+3} (You took it off a yaktaur on level 1 of the Vaults)
 52236 | Vaults:1 | DEFE: ты переоцениваешь SH
 52237 | Vaults:1 | theanonym: Меч не сразу красным пометился
 52484 | Vaults:1 | theanonym: Двуруч лучше тем что без щита больше рипостов выходит
 52522 | Vaults:1 | Got a pair of polished gloves
 52533 | Vaults:1 | Identified the cursed +0 pair of gloves of Fefug {Str-4 Dex+5} (You found it on level 1 of the Vaults)
 52534 | Vaults:1 | DEFE: ДВуруч лучше тем, что сноситдемонов первого тира с одного удара
 52570 | Vaults:1 | DEFE: рипосты-фигосты это все мелочи
 52686 | Vaults:1 | Found Tinowkaill's Armour Boutique.
 52694 | Vaults:1 | Bought a +0 pair of boots of running for 535 gold pieces
 52704 | Vaults:1 | DEFE: там урон огромный
 52705 | Vaults:1 | DEFE: за что все любят двуручи
 52886 | Vaults:1 | HP: 85/177 [yaktaur captain/bolt (38)]
 52888 | Vaults:1 | theanonym: Стрела 38 урон
 52910 | Vaults:1 | HP: 72/177 [yaktaur captain/bolt (21)]
 52915 | Vaults:1 | HP: 58/178 [yaktaur captain (15)]
 52961 | Vaults:1 | DEFE: якотавры больно стрляют да
 52983 | Vaults:1 | HP: 77/178 [ice dragon (5)]
 52988 | Vaults:1 | HP: 53/178 [ice dragon/blast of cold (19)]
 52991 | Vaults:1 | theanonym: Гаргулью на этом этапе физ урон вообще не пробивал
 52999 | Vaults:1 | DEFE: так у тебя там плейт+1
 53005 | Vaults:1 | DEFE: что ты ожидал
 53017 | Vaults:1 | theanonym: По ощущениям будто лейт армор
 53017 | Vaults:1 | DEFE: ну как бы плейт это не самый крутой армор
 53031 | Vaults:1 | HP: 66/178 [ironheart preserver/mace (3)]
 53048 | D:13     | HP: 70/178 [ice dragon (1)]
 53053 | D:13     | HP: 65/178 [ice dragon (5)]
 53373 | D:13     | theanonym: Взять что ли кольцо с rf-
 53373 | D:13     | theanonym: Единственный релек
 53597 | Depths:1 | Entered Level 1 of the Depths
 53787 | Elf:1    | Reached skill level 15 in Long Blades
 53787 | Elf:1    | Reached XP level 19. HP: 167/184 MP: 29/29
 53795 | Elf:1    | DEFE: rElec в эльфах не нужен
 53795 | Elf:1    | theanonym: В ваультах и депах зажали электрики у входа
 53825 | Elf:1    | DEFE: в депсах уже нужен
 53829 | Elf:1    | DEFE: но все еще можно без него
 54338 | Elf:1    | HP: 92/184 [deep elf archer/arrow (9)]
 54652 | Elf:1    | theanonym: А вот и клоды
 54712 | Elf:1    | Found Hitaewon's Magic Scroll Shop.
 54864 | Elf:1    | Noticed karf's ghost (adept MiBe)
 54885 | Elf:1    | Killed karf's ghost
 54885 | Elf:1    | Reached skill level 20 in Fighting
 55133 | Elf:1    | Found Poibuu's General Store.
 55137 | Elf:1    | Bought a potion of might for 48 gold pieces
 55137 | Elf:1    | Bought a potion of might for 48 gold pieces
 55526 | Elf:2    | theanonym: Рецит самая бесполезная абилка которую я видел
 55526 | Elf:2    | DEFE: лол
 55526 | Elf:2    | DEFE: ну вот как раз ей нужно очень много инво
 55526 | Elf:2    | DEFE: именно из-за рецита надо качать до 27
 55526 | Elf:2    | Upgraded the game from 0.21-a0-437-ge5bf024 to 0.21-a0-440-g28109cb
 55653 | Elf:2    | Identified the Disquisition on Fetching Translocation
 55825 | Elf:2    | Found a runed gate.
 55839 | Elf:2    | Found Zuuda's Magic Scroll Boutique.
 55851 | Elf:2    | Bought a scroll of blinking for 120 gold pieces
 55876 | Elf:2    | Found Peso's Armour Shop.
 56018 | Elf:2    | Found Heurewuk's Jewellery Emporium.
 56028 | Elf:2    | Found Poamirch's Magic Scroll Shoppe.
 56217 | Elf:2    | Found Nenkasabb's Assorted Antiques.
 56249 | Elf:2    | Found a runed gate.
 56263 | Elf:2    | Found a runed gate.
 56343 | Elf:2    | Reached skill level 16 in Long Blades
 57486 | Vaults:1 | HP: 78/185 [acid (19)]
 58306 | Vaults:1 | Reached skill level 17 in Dodging
 58558 | Vaults:2 | Reached skill level 16 in Invocations
 58947 | Vaults:2 | Reached skill level 17 in Long Blades
 59007 | Vaults:2 | Reached XP level 20. HP: 163/195 MP: 31/31
 59662 | Vaults:2 | Found a staircase to the Crypt.
 60468 | Vaults:3 | HP: 96/195 [orc knight/halberd (29)]
 61264 | Vaults:3 | Reached skill level 18 in Long Blades
 62986 | Elf:2    | Bought a +5 amulet of reflection for 494 gold pieces
 63352 | Vaults:4 | Got a scorched buckler
 63353 | Vaults:4 | Identified the cursed +0 buckler of Midnight {rC+ MR+ Str+7 Dex-4} (You found it on level 4 of the Vaults)
 63596 | Vaults:4 | Reached skill level 21 in Fighting
 63635 | Vaults:4 | HP: 95/198 [sphinx/divine providence (17)]
 63666 | Vaults:4 | HP: 99/198 [two-headed ogre/giant club[an ironheart preserver] (8)]
 64338 | Vaults:4 | Found a portal to a secret trove of treasure.
 64719 | Vaults:4 | Reached skill level 19 in Long Blades
 64727 | Vaults:4 | Reached XP level 21. HP: 204/204 MP: 32/32
 64735 | Vaults:4 | Reached skill level 18 in Dodging
 65159 | Vaults:4 | Reached skill level 17 in Invocations
 65622 | Vaults:4 | Found Luwoyxi's Food Emporium.
 66539 | Depths:1 | Found a gateway to a bazaar.
 66571 | Bazaar   | Entered a bazaar
 66590 | Bazaar   | Found Ykathroq's Assorted Antiques.
 66612 | Bazaar   | Found Cammel's Antique Armour Shop.
 66651 | Bazaar   | Found Migudgh's Armour Emporium.
 67083 | D:15     | HP: 96/205 [deep troll (8)]
 67654 | Depths:1 | Found a gateway to Hell.
 67948 | Depths:2 | Reached skill level 20 in Long Blades
 67968 | Depths:2 | Identified the ring "Koxuanwo" {*Drain +Blink rElec rPois rC+++} (You found it on level 2 of the Depths)
 68205 | Depths:2 | Noticed a caustic shrike
 68206 | Depths:2 | Noticed a golden dragon
 68218 | Depths:1 | Paralysed by a sphinx for 3 turns
 68220 | Depths:1 | HP: 98/206 [caustic shrike (20)]
 68228 | Depths:1 | HP: 54/206 [sphinx/divine providence (12)]
 68596 | Depths:1 | HP: 102/206 [acid (4)]
 68599 | Depths:1 | Killed a caustic shrike
 68877 | Depths:2 | Killed a golden dragon
 68877 | Depths:2 | Reached skill level 15 in Shields
 69121 | Depths:2 | Reached skill level 22 in Fighting
 69137 | Depths:2 | Reached XP level 22. HP: 209/215 MP: 33/33
 69338 | Depths:2 | Noticed Bai Suzhen
 69362 | Depths:2 | HP: 105/215 [Bai Suzhen (5)]
 69363 | Depths:2 | Killed Bai Suzhen
 69363 | Depths:2 | Reached skill level 19 in Dodging
 69751 | Depths:2 | Found Jaehirot's Jewellery Emporium.
 69752 | Depths:2 | Found Ysiuk's Gadget Boutique.
 69752 | Depths:2 | Found Peunwev's Gadget Boutique.
 70340 | Depths:3 | Found a magical portal.
 70343 | WizLab   | Entered The Roulette of Golubria
 70343 | WizLab   | Found a transporter.
 70347 | WizLab   | Found a corrupted altar of Lugonu.
 70442 | WizLab   | Found a transporter.
 70442 | WizLab   | Found a transporter.
 70483 | WizLab   | Found a transporter.
 70485 | WizLab   | Found a transporter.
 70502 | WizLab   | Reached skill level 18 in Invocations
 70509 | WizLab   | Found a corrupted altar of Lugonu.
 70557 | WizLab   | Found a transporter.
 70592 | WizLab   | Found a transporter.
 70640 | WizLab   | Found a transporter.
 70721 | WizLab   | Found a transporter.
 70817 | WizLab   | Found a transporter.
 70847 | WizLab   | Found a transporter.
 70847 | WizLab   | Found a transporter.
 70872 | WizLab   | Identified Golubria's Compendium of Displacement
 70881 | WizLab   | Found a transporter.
 70904 | WizLab   | Found a transporter.
 70904 | WizLab   | Found a transporter.
 70941 | WizLab   | Found a transporter.
 70968 | WizLab   | Found a transporter.
 70968 | WizLab   | Found a transporter.
 71029 | WizLab   | Found a transporter.
 71029 | WizLab   | Found a transporter.
 71134 | WizLab   | Got a shimmering cloak
 71145 | WizLab   | Identified the +2 cloak of Intercession {rPois MR- Str+3} (You found it in a wizard's laboratory)
 71164 | WizLab   | Got a spiked cloak
 71175 | WizLab   | Identified the +1 cloak of Qumpiat {MP+9 Int+4} (You found it in a wizard's laboratory)
 71207 | WizLab   | Identified Golubria's Collected Works on the Compass
 71237 | WizLab   | Learned a level 2 spell: Blink
 73144 | Depths:4 | Reached skill level 23 in Fighting
 73460 | Depths:4 | Reached skill level 20 in Dodging
 73584 | Depths:4 | Noticed a golden dragon
 73599 | Depths:4 | Killed a golden dragon
 73599 | Depths:4 | Reached XP level 23. HP: 145/227 MP: 35/35
 73602 | Depths:4 | HP: 111/227 [tengu reaver/bolt of acid (16)]
 73936 | Depths:4 | Reached skill level 19 in Invocations
 73937 | Depths:4 | Paralysed by a wizard for 2 turns
 74100 | Depths:4 | Found a corrupted altar of Lugonu.
 74100 | Depths:4 | Found a one-way gate to the infinite horrors of the Abyss.
 75018 | Depths:5 | Entered Level 5 of the Depths
 75043 | Depths:5 | HP: 113/227 [tengu warrior/long sword (5)]
 75048 | Depths:5 | HP: 80/227 [deep troll shaman (1)]
 75048 | Depths:5 | Paralysed by a great orb of eyes for 5 turns
 75050 | Depths:5 | HP: 30/227 [deep troll (11)]
 75050 | Depths:5 | HP: 14/227 [deep troll shaman (11)]
 75050 | Depths:5 | Slain by a deep troll shaman

Vanquished Creatures
  Bai Suzhen (Depths:2)
  A caustic shrike (Depths:1)
  2 golden dragons
  Nikola (Spider:3)
  Arachne (Spider:3)
  5 tentacled monstrosities
  7 liches
  A deep elf blademaster (Elf:2)
  5 sphinxes
  An eldritch tentacle (WizLab)
  3 tentacled starspawn (WizLab)
  The ghost of karf the Executioner, an adept MiBe of Trog (Elf:1)
  5 tengu reavers
  5 thorn hunters
  4 shadow dragons
  A storm dragon (Depths:4)
  7 frost giants
  5 fire giants
  An iron dragon (Depths:4)
  An orc warlord (Vaults:3)
  Louise (D:14)
  A deep elf sorcerer (Elf:1)
  10 vault wardens
  4 emperor scorpions
  4 ghost moths (Spider:4)
  A deep elf elementalist (Depths:4)
  4 stone giants
  21 very ugly things
  18 ironheart preservers
  A draconian shifter (WizLab)
  3 vampire knights
  3 entropy weavers
  3 deep elf demonologists
  Azrael (D:13)
  3 deep elf death magi
  A spark wasp (shapeshifter) (Depths:4)
  6 spark wasps
  A blizzard demon (WizLab)
  The ghost of zkyp the Severer, a journeyman HOAs of Hepliaklqana (Volcano)
  9 ettins
  13 fire dragons
  Josephine (D:10)
  14 vault guards
  19 yaktaur captains
  Erolcha (Orc:2)
  7 rakshasas
  8 great orbs of eyes
  8 ice dragons
  29 hydras
  2 spriggan air magi (Depths:3)
  3 death knights
  35 two-headed ogres
  2 ghost crabs (Swamp:3)
  21 dancing weapons
  12 ogre magi
  9 deep troll shamans
  4 alligators
  15 centaur warriors
  10 deep troll earth magi
  8 tengu warriors
  3 vampire magi
  8 orc high priests
  2 spriggan berserkers
  A soul eater (Orc:2)
  18 deep elf knights
  Urug (D:14)
  A sixfirhy (WizLab)
  Nergalle (Lair:4)
  Sonja (D:14)
  2 hell knights
  3 sun demons
  8 skeletal warriors
  2 iron trolls (Depths:4)
  A death drake (WizLab)
  2 shadow wraiths
  2 gelid demonspawn (Orc:2)
  A storm dragon skeleton (Vaults:3)
  2 spriggan druids
  A sea snake (shapeshifter) (Vaults:4)
  7 unseen horrors
  2 flayed ghosts
  23 deep trolls
  12 swamp dragons
  An infernal demonspawn (Orc:2)
  A shambling mangrove (Swamp:2)
  An obsidian statue (WizLab)
  8 wizards
  19 orb spiders
  15 deep elf archers
  10 glowing orange brains
  14 ironbrand convokers
  4 necromancers
  A tengu zombie (Vaults:3)
  20 orc knights
  10 harpies
  An orb spider (shapeshifter) (Vaults:3)
  8 orc sorcerers
  42 ugly things
  A wolf spider (shapeshifter) (Depths:1)
  4 cyclopes
  A manticore (D:13)
  A glowing shapeshifter (Vaults:1)
  30 deep elf magi
  A manticore (shapeshifter) (Vaults:1)
  A shining eye (shapeshifter) (Depths:1)
  2 worldbinders (WizLab)
  23 wolf spiders
  2 moths of wrath
  5 large abominations (Elf:2)
  2 spriggan zombies (D:15)
  Maurice (D:9)
  11 vault sentinels
  2 black mambas
  10 elephants
  An orange demon (Orc:2)
  2 torpor snails
  5 spectral swamp worms
  A human zombie (Vaults:3)
  19 spiny frogs
  A gargoyle (D:12)
  7 rime drakes
  A komodo dragon (shapeshifter) (Vaults:1)
  11 demonic crawlers
  2 ice devils
  6 freezing wraiths
  9 komodo dragons
  5 red devils
  A hellwing (Orc:2)
  3 tengu conjurers
  57 yaktaurs
  12 trolls
  4 polar bears
  22 hornets
  4 tyrant leeches
  A polar bear (shapeshifter) (Depths:4)
  A wolf spider simulacrum (Vaults:1)
  42 jumping spiders
  63 slime creatures
  Prince Ribbit (Lair:2)
  19 blink frogs
  5 hippogriffs
  10 bog bodies
  23 tarantellas
  Sigmund (D:5)
  8 wraiths
  6 spriggans
  2 spriggan skeletons
  A redback (shapeshifter) (D:13)
  2 wyverns
  45 redbacks
  3 air elementals
  2 water elementals (Depths:4)
  2 tarantellas (shapeshifter)
  24 yaks
  A hog (shapeshifter) (D:15)
  A human (shapeshifter) (Vaults:4)
  8 shadows
  2 golden eyes (shapeshifter)
  Grum (D:10)
  2 basilisks
  A chaos spawn (WizLab)
  3 hungry ghosts
  2 steam dragons (D:10)
  4 spatial vortices (WizLab)
  24 vampire mosquitoes
  5 fire elementals
  4 wargs
  Edmund (D:5)
  An insubstantial wisp (WizLab)
  A naga (shapeshifter) (Depths:3)
  9 small abominations
  23 swamp worms
  A soldier ant (D:13)
  3 acid dragons
  10 water moccasins
  4 hell hounds
  A floating eye (Depths:2)
  12 porcupines
  3 human skeletons
  46 orc warriors
  2 black bears
  An eye of draining (D:13)
  5 ice beasts
  5 sky beasts
  19 swamp drakes
  An eye of draining (shapeshifter) (Vaults:2)
  6 phantoms
  23 centaurs
  A necrophage (D:10)
  24 wolves
  A tengu (shapeshifter) (Depths:3)
  30 ogres
  18 boggarts
  12 crocodiles
  An orc skeleton (WizLab)
  A big kobold (D:9)
  12 bullfrogs
  2 earth elementals
  A wyvern skeleton (D:13)
  3 scorpions
  5 killer bees (D:12)
  11 wights
  5 howler monkeys
  An electric eel (Lair:2)
  2 crimson imps
  4 centaur zombies
  A quasit (D:14)
  2 centaur skeletons
  13 hounds
  43 orc priests
  6 jellies
  23 orc wizards
  2 bullfrog skeletons (D:8)
  A gnoll shaman (D:6)
  Jessica (D:2)
  Terence (D:2)
  10 iguanas
  4 hell rats (Lair:3)
  14 worker ants
  A hound skeleton (D:4)
  9 adders
  11 gnolls
  5 river rats (Lair:3)
  6 shadow imps
  2 white imps (WizLab)
  An adder skeleton (D:6)
  2 worms
  2 dart slugs
  3 leopard geckos
  112 orcs
  5 giant cockroaches
  10 goblins
  5 hobgoblins
  4 jackals
  6 kobolds
  3 quokkas
  2 ball pythons
  6 bats
  7 frilled lizards
  A giant cockroach zombie (D:5)
  2 quokka zombies
  16 rats
  3 briar patches (Swamp:2)
  A starspawn tentacle (WizLab)
1880 creatures vanquished.

Vanquished Creatures (collateral kills)
  A hydra (Swamp:4)
  A hippogriff (Lair:5)
2 creatures vanquished.

Vanquished Creatures (others)
  A yaktaur captain (Depths:2)
  A centaur warrior (Depths:1)
  An unseen horror (D:13)
  A wolf spider (Spider:3)
  A vault sentinel (Vaults:2)
  6 yaktaurs
  A hell hound (D:14)
  An orc (Vaults:1)
  12 bushes (Depths:1)
  6 fungi
  A pillar of salt (Vaults:3)
  9 plants
  3 starspawn tentacles (WizLab)
  A withered plant (Swamp:3)
45 creatures vanquished.

Grand Total: 1927 creatures vanquished
